 Dungeon Crawl Stone Soup version 0.25-a0-294-gea9b1ad378 (webtiles) character file.

Game seed: 17919944469320219855, levelgen mode: deterministic

277 Lanoc the Insei (level 6, 0/40 HPs)
             Began as an Octopode Transmuter on Dec 17, 2019.
             Slain by a shadow imp (5 damage)
             ... on level 5 of the Dungeon.
             The game lasted 00:06:55 (3026 turns).

Lanoc the Insei (Octopode Transmuter)               Turns: 3026, Time: 00:06:56

Health: 0/40       AC:  1    Str:  9    XL:     6   Next: 25%
Magic:  9/9        EV: 14    Int: 18    God:
Gold:   136        SH:  0    Dex: 12    Spells: 3/9 levels left

rFire    . . .     SeeInvis .     - Unarmed
rCold    . . .     Gourm    .   (no shield)
rNeg     . . .     Faith    .   (helmet restricted)
rPois    .         Spirit   .   h - amulet of magic regeneration
rElec    .         Reflect  .   f - ring of protection from magic
rCorr    .         Harm     .   (no ring)
MR       +....                  (no ring)
Stlth    ++........             (no ring)
HPRegen  0.13/turn              (no ring)
MPRegen  0.36/turn              (no ring)
                                (no ring)
                                (no ring)

@: appendage
A: almost no armour, stealthy swim, amphibious, 8 rings, constrict 8, tentacle
spike 3, camouflage 1, gelatinous body 1
a: End Transformation


You were on level 5 of the Dungeon.
You were not hungry.
One of your tentacles had a temporary spike.
You visited 1 branch of the dungeon, and saw 5 of its levels.

You collected 136 gold pieces.

Inventory:

Hand Weapons
 b - a +1 hunting sling
Missiles
 a - 64 arrows
 k - 8 sling bullets
Jewellery
 f - a ring of protection from magic (left tentacle)
 h - an amulet of magic regeneration (around mantle)
Scrolls
 e - 2 scrolls of enchant weapon
 g - 2 scrolls of teleportation
 i - 2 scrolls of identify {unknown}
 m - a scroll of fear {unknown}
 n - a scroll of remove curse
Potions
 j - a potion of curing {unknown}
 l - a potion of flight
Comestibles
 c - 6 rations


   Skills:
 + Level 2.3 Fighting
 + Level 3.1 Dodging
 * Level 4.6 Unarmed Combat
 - Level 2.0 Spellcasting
 * Level 4.0 Transmutations


You had 3 spell levels left.
You knew the following spells:

 Your Spells              Type           Power        Failure   Level  Hunger
a - Beastly Appendage     Tmut           ###...       3%          1    #......
b - Sticks to Snakes      Tmut           ###.....     5%          2    ###....
c - Spider Form           Tmut/Pois      #.........   24%         3    ###....

Your spell library contained the following spells:

 Spells                   Type           Power        Failure   Level  Hunger
 Ice Form                 Ice/Tmut       #.......     61%         4    #####..
 Blade Hands              Tmut           ###.......   67%         5    ######.


Dungeon Overview and Level Annotations

Branches:
Dungeon (5/15)
 Temple: D:4-7

Altars:
Ashenzari


Innate Abilities, Weirdness & Mutations

You cannot wear most types of armour.
You are very stealthy in the water. (Stealth+)
You are amphibious.
You can wear up to eight rings at the same time.
You can use your tentacles to constrict eight enemies at once.
Your skin changes colour to match your surroundings (Stealth+).
Your rubbery body absorbs attacks. (AC +1, EV +1)
One of your tentacles bears a large vicious spike.


Message History

a +0 flail; a +0 chain mail Your transformation has ended.
You start resting.
Some of the chunks of flesh in your inventory have rotted away.
All of the chunks of flesh in your inventory have rotted away.
A shadow imp comes into view.
Casting: Spider Form (safe; 24% risk of failure)
Confirm with . or Enter, or press ? or * to list all spells.
One of your tentacles grows a vicious spike.
The shadow imp shouts, "Kneel, thou bawdy half-faced mendicant!"
The shadow imp gestures at you. Pain shoots through your body!
You are too injured to fight recklessly!
The shadow imp gestures at you. Pain shoots through your body!
* * * LOW HITPOINT WARNING * * *
Things that are here:
a +0 flail; a +0 chain mail The shadow imp hits you.
You die...

######..#... #
..........# #
#.##.###.##.#.#
#.#.........#.# #
#.?....#.#....#
#..###..#.#.#..###
#......[..#.#..#
#.####.##5#.#..###.#
#.#.@...........
#.####.#)<.....###.##
...........#.#.##
.#.####.####.#.# ....
..... #..... ...#...
.(.............
#.#.........###.# #
#.........# ..


You could see a shadow imp.

Vanquished Creatures
  A sky beast (D:5)
  An orc wizard (D:4)
  A worker ant (D:4)
  4 adders
  2 oozes
  2 dart slugs
  2 leopard geckos
  4 orcs
  A ball python (D:1)
  5 giant cockroaches
  6 goblins
  4 hobgoblins
  13 jackals
  4 kobolds
  A quokka (D:3)
  11 bats
  9 frilled lizards
  19 rats
90 creatures vanquished.

Vanquished Creatures (collateral kills)
  A gnoll (D:3)
1 creature vanquished.

Grand Total: 91 creatures vanquished

Notes
Turn   | Place    | Note
-------+----------+-------------------------------------------
     0 | D:1      | Lanoc the Octopode Transmuter began the quest for the Orb.
     0 | D:1      | Reached XP level 1. HP: 13/13 MP: 3/3
    32 | D:1      | Reached XP level 2. HP: 10/18 MP: 3/5
    48 | D:1      | Learned a level 2 spell: Sticks to Snakes
   784 | D:1      | Reached XP level 3. HP: 17/23 MP: 4/6
  1587 | D:2      | Reached XP level 4. HP: 26/28 MP: 7/7
  2216 | D:3      | Reached XP level 5. HP: 34/34 MP: 6/8
  2732 | D:4      | Found a shattered altar of Ashenzari.
  2759 | D:4      | Noticed a phantom
  2871 | D:5      | Entered Level 5 of the Dungeon
  2892 | D:5      | Learned a level 3 spell: Spider Form
  2895 | D:5      | Noticed a sky beast
  2922 | D:5      | Killed a sky beast
  2922 | D:5      | Reached XP level 6. HP: 13/40 MP: 9/9
  3026 | D:5      | Slain by a shadow imp

Levels and vault maps discovered:
D:1:      erik_arrival_orb_chamber, layout_basic, grunt_decor_one_mirror,
          minmay_misc_feat_roman
D:2:      layout_loops_ring
D:3:      layout_basic
D:4:      layout_loops_cross, cheibrodos_ashenzari_chains, uniq_eustachio
D:5:      layout_basic, minitemple, first_ration, grunt_ministairs_15

Skill      XL: |  1  2  3  4  5 |
---------------+----------------+-----
Transmutations | 3 4 |  4.0
Unarmed Combat | 4 |  4.6
Fighting       | 2 |  2.3
Dodging        | 3 |  3.1
Spellcasting   | |  2.0

Action                   |  1- 3 |  4- 6 || total
-------------------------+-------+-------++-------
Melee: Unarmed           |   114 |    86 ||   200
       Constrict         |    28 |    21 ||    49
       Kick              |    23 |    27 ||    50
       Tentacles         |     7 |    11 ||    18
       Punch             |     1 |       ||     1
 Fire: Hunting sling     |     3 |    27 ||    30
 Cast: Beastly Appendage |    20 |    22 ||    42
       Sticks to Snakes  |     1 |     7 ||     8
       Spider Form       |       |     1 ||     1
  Use: Scroll            |       |     6 ||     6
       Potion            |       |     3 ||     3
 Stab: Sleeping          |     7 |     9 ||    16
  Eat: Chunk             |     3 |     5 ||     8
Armor: Skin              |    11 |     3 ||    14
Dodge: Dodged            |    80 |    45 ||   125

Table legend:
 A = Non-vault XP
 B = Vault XP
 C = Vault XP percentage of total XP
 D = Non-vault monster count
 E = Vault monster count
 F = Vault count percentage of total count
                 A         B        C        D         E       F
            +---------+---------+-------+---------+---------+-------
      Total |     384 |      12 |   3.0 |      79 |      12 |  13.2
            +---------+---------+-------+---------+---------+-------
        D:1 |      56 |      12 |  17.6 |      30 |      12 |  28.6
        D:2 |      69 |       0 |   0.0 |      24 |       0 |   0.0
        D:3 |      40 |       0 |   0.0 |      13 |       0 |   0.0
        D:4 |      97 |       0 |   0.0 |      10 |       0 |   0.0
        D:5 |     122 |       0 |   0.0 |       2 |       0 |   0.0
            +---------+---------+-------+---------+---------+-------
